 Dungeon Crawl Stone Soup version 0.29.0 (webtiles) character file.

Game seed: 11527266681438144650

430 gelatine the Caller (level 6, -1/43 HPs)
             Began as a Demonspawn Summoner on Aug 25, 2022.
             Slain by a lemure (5 damage)
             ... led by Pikel
             ... on level 4 of the Dungeon.
             The game lasted 00:16:32 (4353 turns).

gelatine the Caller (Demonspawn Summoner)           Turns: 4353, Time: 00:16:33

Health: -1/43      AC: 15    Str:  8    XL:     6   Next: 66%
Magic:  6/11       EV: 12    Int: 18    God:
Gold:   159        SH:  4    Dex: 14    Spells: 6/12 levels left

rFire   + . .      SeeInvis +   r - +2 mace "Pocideah" {drain, rPois}
rCold   . . .      Faith    .   (no shield)
rNeg    . . .      Spirit   .   p - +9 ring mail of Submission {rF+ SInv}
rPois   +          Reflect  .   w - +0 helmet
rElec   .          Harm     .   (no cloak)
rCorr   .          Rampage  .   (no gloves)
Will    .....                   (no boots)
Stlth   +.........              (no amulet)
HPRegen 0.14/turn               (no ring)
MPRegen 0.12/turn               (no ring)

@: no status effects
A: repulsion field 1, condensation shield, weakness stinger 2
a: no special abilities


You were on level 4 of the Dungeon.
You visited 1 branch of the dungeon, and saw 4 of its levels.

You collected 179 gold pieces.
You spent 20 gold pieces at shops.

Inventory:

Hand Weapons
 q - a +3 mace of flaming
 r - the +2 mace "Pocideah" (weapon) {drain, rPois}
   (You found it on level 3 of the Dungeon)

   A truly terrible weapon, it drains the life of any living foe it strikes.
   rPois:     It protects you from poison.
Missiles
 t - 5 poisoned darts
 v - 6 curare-tipped darts
 A - 2 boomerangs
Armour
 a - a +0 robe
 p - the +9 ring mail of Submission (worn) {rF+ SInv}
   (You found it on level 2 of the Dungeon)

   rF:        It protects you from fire.
   SInv:      It lets you see invisible.
 w - a +0 helmet (worn)
Wands
 i - a wand of polymorph (4)
 s - a wand of charming (3)
Scrolls
 c - 3 scrolls of poison
 f - 5 scrolls of teleportation
 n - a scroll of vulnerability
 u - a scroll of immolation
Potions
 b - a potion of magic
 d - a potion of cancellation
 e - a potion of berserk rage
 g - 3 potions of curing {unknown}
 h - 2 potions of mutation {unknown}
 j - 4 potions of lignification {unknown}
 k - a potion of invisibility {unknown}
 l - a potion of flight {unknown}
 m - 2 potions of heal wounds {unknown}
 z - a potion of attraction {unknown}


   Skills:
 + Level 1.0 Fighting
 + Level 0.8 Short Blades
 + Level 2.4 Maces & Flails
 + Level 1.2 Armour
 + Level 2.3 Dodging
 + Level 2.6 Stealth
 + Level 0.7 Shields
 + Level 3.6 Spellcasting
 + Level 5.2 Summonings
 + Level 0.4 Evocations


You had 6 spell levels left.
You knew the following spells:

 Your Spells              Type           Power      Damage    Failure   Level
a - Summon Small Mammal   Summ           84%        N/A       5%          1
b - Call Imp              Summ           21%        N/A       9%          2
c - Call Canine Familiar  Summ           21%        N/A       16%         3

Your spell library contained the following spells:

 Spells                   Type           Power      Damage    Failure   Level
 Summon Guardian Golem    Hex/Summ       12%        N/A       43%         3
 Summon Lightning Spire   Summ/Air       12%        N/A       83%         4


Dungeon Overview and Level Annotations

Branches:
Dungeon (4/15)
 Temple: D:4-7

Altars:
Qazlal

Shops:
D:4 *?

Annotations:
D:4 Pikel; RascalDebosk's ghost, amateur DENe


Innate Abilities, Weirdness & Mutations

You are surrounded by a mild repulsion field. (EV +2)
A meltable shield of frost defends you. (SH +4)
You have a tail ending in a sharp stinger.


Message History

Aim: Pikel, wielding a +1 whip of freezing and wearing a +1 robe of fire resistance (severely wounded, lightly drained, 50% to hit)
You throw a throwing net. The throwing net hits Pikel.
Pikel is caught in the net!
Pikel is severely wounded.
The lemure hits you but does no damage. You block the lemure's attack.
Pikel struggles against the net.
The lemure completely misses you.
You hit Pikel.
Pikel is severely wounded.
The lemure hits you but does no damage. x2; The lemure closely misses you.
Pikel struggles against the net.
You catch the helpless Pikel completely off-guard!
You hit Pikel but do no damage.
Pikel is severely wounded.
You block the lemure's attack. The lemure barely misses you.
Pikel struggles against the net.
The lemure hits you but does no damage. x2
You block the lemure's attack.
Pikel struggles against the net.
The lemure hits you but does no damage.
You hit Pikel but do no damage. You drain Pikel.
Pikel is almost dead.
The lemure misses you. The lemure hits you but does no damage.
Pikel struggles against the net.
The lemure barely misses you.
Unknown command.
You hit Pikel but do no damage. You drain Pikel.
Pikel is almost dead.
The lemure hits you.
* * * LOW HITPOINT WARNING * * *
You block the lemure's attack. The lemure hits you.
* * * LOW HITPOINT WARNING * * *
Pikel struggles against the net.
The net rips apart, and Pikel comes free!
You barely miss Pikel.
Your tail-slap misses Pikel.
Pikel is almost dead.
The lemure closely misses you. The lemure barely misses you.
Pikel barely misses you. The lemure hits you but does no damage.
Unknown command.
You barely miss Pikel. You tail-slap Pikel, but do no damage.
Pikel is almost dead.
The lemure hits you but does no damage. x2; Pikel closely misses you.
The lemure barely misses you. The lemure hits you.
You die...

#'#[.# #5##....†..####
#†#### #####
#.##........... #~#..
#...#####5##5..........
#~#....
#......##.##..........≈
#~#.###.#
#......##..'.......§..§
#!#.. .
#......####'.........§≈
#~###
#............#'##..§≈§§
###
###..<.55K.....#.#...§≈≈≈
+......5@......#.#...§≈≈_
##.............#.#..§≈≈≈§
#..............#.#.§.§§≈
#........∩.####.....≈≈≈§
#..........###...#...≈≈.
#..........##....#.......
#........#....P♣........≈
#..#####.#.#...♣.........
#.# #...#.....#.#.#.#.


You could see Pikel (very drained) and 3 lemures.

Vanquished Creatures
  A kobold brigand (D:4)
  An orc priest (D:4)
  Natasha (D:4)
  An orc wizard (D:3)
  4 adders
  A worm (D:3)
  A dart slug (D:1)
  An orc (D:3)
  4 ball pythons
  An endoplasm (D:3)
  5 goblins
  7 hobgoblins
  A jackal (D:1)
  8 bats
  4 kobolds
  A rat (D:3)
42 creatures vanquished.

Vanquished Creatures (collateral kills)
  A lemure (D:4)
  A bullfrog (D:4)
  Natasha (twice) (D:4)
  An orc wizard (D:4)
  An adder (D:4)
  A dart slug (D:1)
  An orc (D:3)
  3 ball pythons (D:2)
  4 bats
  2 endoplasms
  A giant cockroach (D:4)
  3 goblins
  3 hobgoblins
  A jackal (D:1)
  4 kobolds
  A quokka (D:3)
  6 frilled lizards
  A rat (D:2)
37 creatures vanquished.

Vanquished Creatures (others)
  An orc priest (D:4)
1 creature vanquished.

Grand Total: 80 creatures vanquished

Notes
Turn   | Place    | Note
-------+----------+-------------------------------------------
     0 | D:1      | gelatine the Demonspawn Summoner began the quest for the
                  | Orb.
     0 | D:1      | Reached XP level 1. HP: 13/13 MP: 3/3
   486 | D:1      | Gained mutation: You have a small tail. [demonic ancestry]
   486 | D:1      | Reached XP level 2. HP: 12/19 MP: 3/5
   490 | D:1      | Learned a level 2 spell: Call Imp
  1317 | D:2      | Gained mutation: A meltable shield of frost defends you.
                  | (SH +4) [demonic ancestry]
  1317 | D:2      | Reached XP level 3. HP: 24/24 MP: 1/6
  1766 | D:2      | Identified the +9 ring mail of Submission {rF+ SInv}
  1921 | D:2      | Learned a level 3 spell: Call Canine Familiar
  1964 | D:2      | Found a faded altar of an unknown god.
  2221 | D:3      | Gained mutation: You have a tail ending in a sharp stinger.
                  | [demonic ancestry]
  2221 | D:3      | Reached XP level 4. HP: 29/30 MP: 6/8
  2247 | D:3      | Identified the +2 mace "Pocideah" {drain, rPois}
  3009 | D:3      | Reached skill level 1 in Maces & Flails
  3586 | D:4      | Noticed a bullfrog
  3586 | D:4      | Noticed RascalDebosk's ghost (amateur DENe)
  3586 | D:4      | Found a runed translucent door.
  3586 | D:4      | Found Sugodyf's General Store.
  3594 | D:4      | Noticed Natasha
  3601 | D:4      | Reached XP level 5. HP: 7/35 MP: 2/9
  3612 | D:4      | Noticed a lemure
  3612 | D:4      | Noticed a lemure
  3612 | D:4      | Noticed Pikel
  3625 | D:4      | Noticed a lemure
  3992 | D:4      | Reached skill level 5 in Summonings
  4008 | D:4      | Reached skill level 1 in Armour
  4008 | D:4      | Gained mutation: You are surrounded by a mild repulsion
                  | field. (EV +2) [demonic ancestry]
  4008 | D:4      | Reached XP level 6. HP: 32/42 MP: 5/10
  4013 | D:4      | Killed Natasha
  4144 | D:4      | Found Caum's Magic Scroll Shoppe.
  4145 | D:4      | Noticed Natasha
  4154 | D:4      | Killed Natasha
  4166 | D:4      | Bought a scroll of identify for 20 gold pieces
  4199 | D:4      | Noticed Natasha
  4203 | D:4      | Killed Natasha
  4204 | D:4      | Found a stormy altar of Qazlal.
  4249 | D:4      | Reached skill level 1 in Fighting
  4353 | D:4      | Slain by a lemure

Illustrated notes

Levels and vault maps discovered:
D:1:      matt_arrival_spirals, layout_basic, minmay_lizard_pond
D:2:      layout_basic, basic_altar, nicolae_ecumenical_snake_handling,
          minmay_tetromino_o2
D:3:      layout_basic, moated_statue
D:4:      layout_basic, nicolae_qazlal_general_emergency,
          amethyst_overflow_temple_binary, mainiacjoe_overflow_big_doors,
          ebering_ghost_sewer_d, portal_sewer_entry_b, serial_shops, shop,
          shop_statue, serial_park_tiny_1, minmay_ruptured, uniq_natasha,
          uniq_pikel

Skill      XL: |  1  2  3  4  5  6 |
---------------+-------------------+-----
Stealth        | 2 |  2.6
Maces & Flails | 1 2 |  2.4
Dodging        | 2 |  2.3
Spellcasting   | 3 |  3.6
Summonings     | 5 |  5.2
Armour         | 1 |  1.2
Fighting       | 1 |  1.0
Short Blades   | |  0.8
Shields        | |  0.7
Evocations     | |  0.4

Action                   |  1- 3 |  4- 6 || total
-------------------------+-------+-------++-------
Melee: Short sword       |    62 |       ||    62
       Tailslap          |     5 |     8 ||    13
       Mace              |    14 |   101 ||   115
Throw: Throwing net      |       |     2 ||     2
 Cast: Summon Small Mamm |    47 |    18 ||    65
       Call Imp          |    14 |    11 ||    25
       Call Canine Famil |       |     8 ||     8
Evoke: Wand              |       |     4 ||     4
  Use: Scroll            |       |    10 ||    10
 Stab: Sleeping          |     2 |     2 ||     4
       Held in net/web   |       |     2 ||     2
Armor: Robe              |    16 |       ||    16
       Ring mail         |    13 |    70 ||    83
Dodge: Dodged            |    60 |    80 ||   140
Block: Other             |     7 |    31 ||    38
